[ AOE2 MATCH · #506449510 ]
UnrankedFranks vs Aztecs
Player's team · LOSS
Rival team · WIN
[ REPLAY ANALYSIS · EXTRACTED FROM THE RECORDED GAME ]
Feudal
8:51
Castle
25:45
Imperial
44:24
| APM avg | 98.3 |
| APM peak | 162 |
| eAPM avg | 47.9 |
| Villagers / military | 176 / 96 |
Focus
⚔️ 62.5% · 🌾 37.5%
Scout Cavalry ×21 · Throwing Axeman ×19 · Skirmisher ×15 · Bombard Cannon ×12 · Knight ×10 · Scorpion ×7
Feudal
10:10
Castle
23:46
Imperial
44:57
| APM avg | 114.8 |
| APM peak | 188 |
| eAPM avg | 69.5 |
| Villagers / military | 172 / 228 |
Focus
⚔️ 77.4% · 🌾 22.6%
Archer ×142 · Eagle Scout ×33 · Spearman ×24 · Skirmisher ×21 · Militia ×3 · Trebuchet (Packed) ×3
Match map
Initial resources + every placement click. Lines = walls · curves = elevation contours. ◆ gold · ⬟ stone · ● berries · ✦ relic · ◌ wall gap
Your base· Open — unwalled flank
DS_Overtaken's base· Open — 2t gap
Smoothed initial terrain · ◌ = detected wall gap · hover for details
Inputs per minute
— Dark - - DS_Overtaken
Build order — Dark
First 150 of 468 actions detected
| 0:00 | Create | Villager (Male) |
| 0:01 | Build | House |
| 0:02 | Build | House |
| 0:08 | Create | Villager (Male) ×3 |
| 1:28 | Create | Villager (Male) |
| 1:53 | Create | Villager (Male) |
| 2:21 | Create | Villager (Male) |
| 2:36 | Build | Lumber Camp |
| 2:47 | Create | Villager (Male) |
| 2:51 | Create | Villager (Male) |
| 3:31 | Build | Palisade Wall |
| 3:34 | Build | Palisade Wall |
| 3:39 | Create | Villager (Male) |
| 3:53 | Build | House |
| 4:00 | Create | Villager (Male) |
| 4:33 | Create | Villager (Male) |
| 4:56 | Create | Villager (Male) |
| 4:59 | Build | Mill |
| 5:11 | Build | Mill |
| 5:24 | Create | Villager (Male) |
| 5:49 | Create | Villager (Male) |
| 6:11 | Research | Loom |
| 6:32 | Research | Feudal Age |
| 6:32 | Research | Feudal Age |
| 7:30 | Build | House |
| 7:32 | Build | Palisade Wall |
| 7:34 | Build | Palisade Wall |
| 7:36 | Build | House |
| 7:52 | Build | Barracks |
| 8:38 | Create | Villager (Male) |
| 8:51 | Age | Feudal Age |
| 8:55 | Build | Stable |
| 9:08 | Create | Villager (Male) |
| 9:19 | Research | Double-Bit Axe |
| 9:29 | Build | Farm |
| 9:35 | Create | Villager (Male) |
| 9:38 | Create | Scout Cavalry |
| 9:54 | Build | Farm |
| 9:59 | Build | Farm |
| 10:02 | Create | Villager (Male) |
| 10:24 | Build | Farm |
| 10:27 | Create | Scout Cavalry |
| 10:30 | Create | Villager (Male) |
| 10:46 | Build | Mill |
| 10:50 | Create | Villager (Male) |
| 11:04 | Create | Scout Cavalry |
| 11:15 | Build | House |
| 11:17 | Create | Villager (Male) |
| 11:35 | Build | Farm |
| 11:41 | Build | House |
| 11:46 | Create | Villager (Male) |
| 11:52 | Create | Scout Cavalry |
| 12:03 | Create | Villager (Male) |
| 12:19 | Build | House |
| 12:21 | Create | Villager (Male) |
| 12:34 | Build | Archery Range |
| 12:39 | Create | Scout Cavalry |
| 12:42 | Create | Villager (Male) |
| 12:57 | Create | Villager (Male) |
| 13:08 | Create | Scout Cavalry |
| 13:13 | Create | Skirmisher |
| 13:19 | Build | House |
| 13:24 | Create | Villager (Male) |
| 13:29 | Create | Skirmisher |
| 13:39 | Build | Blacksmith |
| 13:41 | Build | Palisade Wall |
| 13:41 | Build | Palisade Wall |
| 13:44 | Create | Villager (Male) |
| 13:47 | Create | Villager (Male) |
| 14:20 | Create | Villager (Male) |
| 14:35 | Create | Scout Cavalry |
| 14:37 | Create | Skirmisher |
| 14:46 | Build | Farm |
| 14:51 | Build | Lumber Camp |
| 14:53 | Build | Farm |
| 14:54 | Build | Farm |
| 15:02 | Create | Skirmisher |
| 15:08 | Research | Fletching |
| 15:14 | Build | Farm |
| 15:20 | Build | Farm |
| 15:24 | Build | House |
| 15:25 | Create | Villager (Male) |
| 15:36 | Create | Skirmisher |
| 15:42 | Create | Villager (Male) |
| 15:45 | Research | Padded Archer Armor |
| 15:55 | Create | Villager (Male) |
| 16:24 | Create | Skirmisher |
| 16:30 | Build | Farm |
| 16:31 | Build | Farm |
| 16:33 | Build | Farm |
| 16:37 | Create | Villager (Male) |
| 16:43 | Build | Mining Camp |
| 16:52 | Research | Forging |
| 17:01 | Create | Villager (Male) |
| 17:05 | Build | Watch Tower |
| 17:08 | Build | Watch Tower |
| 17:13 | Create | Villager (Male) |
| 17:21 | Build | Watch Tower |
| 17:58 | Create | Villager (Male) |
| 18:04 | Create | Skirmisher |
| 18:11 | Build | House |
| 18:23 | Build | Farm |
| 18:24 | Build | Farm |
| 18:27 | Build | Mining Camp |
| 18:27 | Create | Villager (Male) |
| 18:32 | Create | Skirmisher |
| 18:34 | Create | Scout Cavalry |
| 18:34 | Create | Scout Cavalry |
| 18:36 | Build | Market |
| 18:45 | Create | Villager (Male) |
| 18:50 | Build | Farm |
| 19:02 | Create | Villager (Male) |
| 19:06 | Create | Scout Cavalry |
| 19:08 | Create | Skirmisher |
| 19:08 | Create | Skirmisher |
| 19:24 | Build | House |
| 19:34 | Research | Scale Barding Armor |
| 19:36 | Create | Villager (Male) |
| 19:38 | Build | House |
| 19:39 | Build | House |
| 19:50 | Create | Skirmisher |
| 19:54 | Research | Wheelbarrow |
| 20:09 | Create | Villager (Male) |
| 20:20 | Create | Skirmisher |
| 20:29 | Build | Palisade Wall |
| 20:30 | Build | House |
| 20:37 | Create | Skirmisher |
| 20:38 | Create | Scout Cavalry |
| 20:46 | Build | Watch Tower |
| 21:11 | Create | Villager (Male) |
| 21:18 | Create | Scout Cavalry |
| 21:18 | Create | Scout Cavalry |
| 21:24 | Create | Scout Cavalry |
| 21:24 | Create | Scout Cavalry |
| 21:39 | Create | Skirmisher |
| 21:39 | Create | Scout Cavalry |
| 21:58 | Create | Skirmisher |
| 21:59 | Create | Scout Cavalry |
| 22:03 | Build | Farm |
| 22:04 | Create | Villager (Male) |
| 23:05 | Research | Castle Age |
| 23:44 | Create | Scout Cavalry |
| 23:44 | Create | Scout Cavalry |
| 24:19 | Create | Scout Cavalry |
| 24:40 | Build | Stable |
| 24:43 | Build | Palisade Wall |
| 24:48 | Build | House |
| 24:50 | Build | House |
| 25:00 | Create | Scout Cavalry |
| 25:21 | Build | House |
Build order — DS_Overtaken
First 150 of 640 actions detected
| 0:00 | Create | Villager (Male) |
| 0:00 | Create | Villager (Male) |
| 0:01 | Create | Villager (Male) |
| 0:02 | Build | House |
| 0:02 | Build | House |
| 0:22 | Create | Villager (Male) |
| 1:20 | Create | Villager (Male) |
| 1:43 | Build | Lumber Camp |
| 1:50 | Create | Villager (Male) |
| 2:28 | Create | Villager (Male) |
| 2:29 | Create | Villager (Male) |
| 3:06 | Create | Villager (Male) |
| 3:40 | Create | Villager (Male) |
| 3:45 | Build | House |
| 3:59 | Create | Villager (Male) |
| 4:27 | Build | Barracks |
| 4:31 | Create | Villager (Male) |
| 4:47 | Build | House |
| 4:54 | Create | Villager (Male) |
| 5:18 | Create | Villager (Male) |
| 5:20 | Create | Militia |
| 5:21 | Create | Militia |
| 5:39 | Create | Militia |
| 5:45 | Create | Villager (Male) |
| 6:14 | Create | Villager (Male) |
| 6:18 | Build | Mill |
| 6:30 | Create | Villager (Male) |
| 7:02 | Create | Villager (Male) |
| 7:29 | Research | Loom |
| 7:29 | Research | Loom |
| 7:47 | Build | Palisade Gate |
| 7:47 | Build | Palisade Gate |
| 7:50 | Build | House |
| 8:00 | Research | Feudal Age |
| 8:00 | Research | Feudal Age |
| 8:00 | Research | Feudal Age |
| 8:00 | Research | Feudal Age |
| 8:29 | Build | Mill |
| 8:44 | Build | Mining Camp |
| 9:01 | Build | Palisade Wall |
| 9:02 | Build | Palisade Wall |
| 9:04 | Build | Palisade Wall |
| 9:05 | Build | Palisade Wall |
| 9:07 | Build | House |
| 9:11 | Create | Villager (Male) |
| 9:24 | Create | Villager (Male) |
| 10:02 | Create | Villager (Male) |
| 10:10 | Age | Feudal Age |
| 10:12 | Create | Spearman |
| 10:19 | Build | Archery Range |
| 10:25 | Research | Double-Bit Axe |
| 10:26 | Create | Villager (Male) |
| 10:29 | Build | Palisade Wall |
| 10:31 | Build | Palisade Wall |
| 10:40 | Build | House |
| 10:54 | Create | Villager (Male) |
| 11:01 | Build | House |
| 11:06 | Build | House |
| 11:07 | Create | Archer |
| 11:18 | Build | Palisade Wall |
| 11:19 | Build | Palisade Wall |
| 11:20 | Create | Villager (Male) |
| 11:21 | Create | Archer |
| 11:23 | Build | Palisade Wall |
| 11:35 | Build | Farm |
| 11:47 | Create | Spearman |
| 11:48 | Create | Archer |
| 12:10 | Create | Villager (Male) |
| 12:20 | Create | Villager (Male) |
| 12:24 | Build | Blacksmith |
| 12:28 | Build | Palisade Wall |
| 12:40 | Create | Archer |
| 12:52 | Build | Farm |
| 12:53 | Build | House |
| 13:00 | Create | Archer |
| 13:01 | Create | Villager (Male) |
| 13:26 | Build | Farm |
| 13:28 | Build | Farm |
| 13:29 | Create | Villager (Male) |
| 13:32 | Create | Archer |
| 13:40 | Create | Villager (Male) |
| 13:41 | Build | House |
| 13:42 | Build | House |
| 13:45 | Build | House |
| 13:45 | Build | House |
| 13:49 | Create | Archer |
| 13:52 | Create | Spearman |
| 14:03 | Create | Villager (Male) |
| 14:11 | Build | Farm |
| 14:12 | Build | Farm |
| 14:14 | Create | Villager (Male) |
| 14:18 | Create | Archer |
| 14:18 | Create | Archer |
| 14:36 | Create | Archer |
| 14:37 | Create | Villager (Male) |
| 14:43 | Create | Villager (Male) |
| 14:46 | Create | Villager (Male) |
| 14:51 | Create | Villager (Male) |
| 14:52 | Build | Archery Range |
| 14:53 | Create | Archer |
| 14:55 | Build | House |
| 14:57 | Build | House |
| 14:58 | Create | Villager (Male) |
| 14:59 | Build | House |
| 15:25 | Build | Farm |
| 15:27 | Build | House |
| 15:32 | Create | Skirmisher |
| 15:35 | Create | Archer |
| 15:36 | Create | Archer |
| 15:37 | Create | Villager (Male) |
| 15:44 | Build | Palisade Wall |
| 15:50 | Create | Archer |
| 15:58 | Build | House |
| 15:59 | Create | Villager (Male) |
| 16:01 | Build | Farm |
| 16:07 | Create | Skirmisher |
| 16:07 | Create | Skirmisher |
| 16:20 | Research | Fletching |
| 16:20 | Research | Fletching |
| 16:24 | Create | Villager (Male) |
| 16:25 | Build | Farm |
| 16:28 | Create | Archer |
| 16:28 | Create | Archer |
| 16:31 | Build | Palisade Wall |
| 16:37 | Build | Farm |
| 16:39 | Create | Villager (Male) |
| 16:49 | Research | Padded Archer Armor |
| 16:49 | Research | Padded Archer Armor |
| 16:51 | Build | Farm |
| 16:56 | Create | Villager (Male) |
| 17:09 | Build | Watch Tower |
| 17:25 | Build | Watch Tower |
| 17:43 | Create | Skirmisher |
| 17:43 | Create | Skirmisher |
| 17:55 | Create | Archer |
| 17:59 | Create | Villager (Male) |
| 18:18 | Create | Villager (Male) |
| 18:20 | Create | Archer |
| 18:20 | Create | Villager (Male) |
| 18:23 | Build | Farm |
| 18:25 | Build | Farm |
| 18:26 | Build | Farm |
| 18:35 | Create | Skirmisher |
| 18:35 | Create | Skirmisher |
| 18:49 | Create | Villager (Male) |
| 18:50 | Create | Skirmisher |
| 18:54 | Create | Villager (Male) |
| 18:58 | Create | Villager (Male) |
| 19:02 | Build | Farm |
| 19:05 | Build | Farm |
Match timeline
| 3:31 | Dark · wall_segment Palisade Wall x1 |
| 3:34 | Dark · wall_segment Palisade Wall x1 |
| 4:27 | DS_Overtaken · first_building Barracks |
| 7:32 | Dark · wall_segment Palisade Wall x1 |
| 7:34 | Dark · wall_segment Palisade Wall x1 |
| 7:52 | Dark · first_building Barracks |
| 8:51 | Dark · age_up feudal |
| 8:55 | Dark · first_building Stable |
| 9:01 | DS_Overtaken · wall_segment Palisade Wall x1 |
| 9:02 | DS_Overtaken · wall_segment Palisade Wall x1 |
| 9:04 | DS_Overtaken · wall_segment Palisade Wall x1 |
| 9:05 | DS_Overtaken · wall_segment Palisade Wall x1 |
| 10:10 | DS_Overtaken · age_up feudal |
| 10:19 | DS_Overtaken · first_building Archery Range |
| 10:29 | DS_Overtaken · wall_segment Palisade Wall x3 |
| 10:31 | DS_Overtaken · wall_segment Palisade Wall x2 |
| 11:18 | DS_Overtaken · wall_segment Palisade Wall x1 |
| 11:19 | DS_Overtaken · wall_segment Palisade Wall x1 |
| 11:23 | DS_Overtaken · wall_segment Palisade Wall x1 |
| 12:28 | DS_Overtaken · wall_segment Palisade Wall x1 |
| 12:34 | Dark · first_building Archery Range |
| 13:41 | Dark · wall_segment Palisade Wall x1 |
| 13:41 | Dark · wall_segment Palisade Wall x1 |
| 15:44 | DS_Overtaken · wall_segment Palisade Wall x2 |
| 16:31 | DS_Overtaken · wall_segment Palisade Wall x1 |
| 19:39 | DS_Overtaken · wall_segment Palisade Wall x1 |
| 20:29 | Dark · wall_segment Palisade Wall x1 |
| 22:08 | Dark · first_market_buy 100 food |
| 23:46 | DS_Overtaken · age_up castle |
| 24:43 | Dark · wall_segment Palisade Wall x1 |
| 25:45 | Dark · age_up castle |
| 26:48 | Dark · first_building Siege Workshop |
| 27:11 | DS_Overtaken · wall_segment Palisade Wall x1 |
| 27:14 | DS_Overtaken · wall_segment Palisade Wall x1 |
| 27:16 | DS_Overtaken · wall_segment Palisade Wall x1 |
| 27:30 | Dark · wall_segment Stone Wall x1 |
| 27:32 | Dark · wall_segment Stone Wall x1 |
| 28:39 | Dark · first_building Monastery |
| 31:52 | DS_Overtaken · wall_segment Palisade Wall x1 |
| 33:25 | Dark · first_building Castle |
| 38:01 | Dark · first_market_sell 100 food |
| 38:19 | DS_Overtaken · first_building Monastery |
| 39:01 | DS_Overtaken · first_building Castle |
| 40:41 | DS_Overtaken · first_market_sell 500 wood |
| 44:21 | DS_Overtaken · first_building Siege Workshop |
| 44:22 | Dark · wall_segment Stone Wall x6 |
| 44:24 | Dark · age_up imperial |
| 44:32 | DS_Overtaken · wall_segment Stone Wall x20 |
| 44:57 | DS_Overtaken · age_up imperial |
| 46:03 | DS_Overtaken · first_market_buy 100 food |
| 46:09 | DS_Overtaken · wall_segment Stone Wall x7 |
| 52:12 | Dark · resign |
[ AI ANALYSIS · 1 CREDIT ]
What really happened in this match?
Wolo.gg analyzes every decision: build order, eco, micro, common mistakes by bracket. Personalized analysis on WhatsApp or Discord in 30 seconds.
Civ guide
Franks
Perfil
Dark (Dark)